 Dungeon Crawl Stone Soup version 0.32-a0-314-g526f7d4993 (webtiles) character file.

Game seed: 6331436334216526860

338 zeratav the Trooper (level 6, -1/45 HPs)
             Began as an Octopode Shapeshifter on Feb 15, 2024.
             Splashed by a jelly's acid (9 damage)
             ... on level 5 of the Dungeon.
             The game lasted 00:03:39 (2042 turns).

zeratav the Trooper (Octopode Shapeshifter)         Turns: 2042, Time: 00:03:40

Health: -1/45      AC: -7    Str: 15    XL:     6   Next: 55%
Magic:  6/6        EV: 13    Int: 12    God:
Gold:   137        SH:  0    Dex: 12    Spells: 5/5 levels left

rFire   . . .        m - +3 dagger (venom) {short}
rCold   . . .        (no shield)
rNeg    . . .        (helmet currently unavailable)
rPois   .            (no amulet)
rElec   .            r - +4 ring of protection
rCorr   .            (no ring)
SInv    .            (no ring)
Will    .....        (no ring)
Stlth   ++           (no ring)
HPRegen 0.27/turn    (no ring)
MPRegen 0.10/turn    (no ring)
                     (no ring)

%: no passive effects
@: beast-form, corroded
A: beast (slay +2), almost no armour, amphibious, 8 rings, camouflage 1,
gelatinous body 1, (nimble swimmer 1), tentacles
a: Begin Untransformation


You were on level 5 of the Dungeon.
You were a hulking beast.
You visited 1 branch of the dungeon, and saw 4 of its levels.

You collected 137 gold pieces.


Innate Abilities, Weirdness & Mutations

You are a hulking beast.
Your limbs bulge with bestial killing power. (Slay +2)
You cannot wear most types of armour.
You are amphibious.
You can wear up to eight rings at the same time.
Your skin changes colour to match your surroundings (Stealth+).
Your rubbery body absorbs attacks. (AC +1, EV +1)
((You are camouflaged when in or above water. (Stealth+)))
You have tentacles for arms and can constrict up to eight enemies at once.


   Skills:
 - Level 5.0 Fighting
 - Level 2.0 Dodging
 - Level 3.0 Unarmed Combat
 + Level 4.8 Shapeshifting


You had 5 spell levels left.
You didn't know any spells.
Your spell library was empty.

Inventory:

Hand Weapons
 m - a +3 dagger of venom (weapon) {short}
   (You took it off a goblin on level 2 of the Dungeon)
Missiles
 s - 5 poisoned darts (quivered) {throwing}
Jewellery
 r - a +4 ring of protection (left tentacle)
   (You found it on level 2 of the Dungeon)
Talismans
 b - a beast talisman (active)
 c - a flux talisman
Scrolls
 e - 2 scrolls of poison {unknown}
 f - a scroll of identify {unknown}
 g - a scroll of fog {unknown}
 i - a scroll of noise {unknown}
 j - a scroll of enchant weapon {unknown}
 k - a scroll of torment {unknown}
 o - a scroll of immolation {unknown}
 p - a scroll of blinking {unknown}
 q - a scroll of silence {unknown}
Potions
 a - a potion of lignification {!q}
 d - a potion of curing {unknown}
 h - a potion of enlightenment {unknown}
 l - 2 potions of berserk rage {unknown}
 n - a potion of brilliance {unknown}

Dungeon Overview and Level Annotations

Branches:
Dungeon (3/15) Zot: 21958

Altars:

Annotations:
D:5 Grinder

#########..##
#..##..## #..#....#
#..'....# ##
##'##..##
######.##..###'##
.....#......'...#
............#...#
......Jh.###########
#######..####.###..#
#........#)...#
#.......))....#
#....#..####'##
##...######...#
###.# #.....# ###
#.....# #.....#


You could see a jelly.


Message History

You open the door.
There is an open door here.
You open the door.
There is an open door here.
An orc priest and an orc come into view.
An orc comes into view. It is wielding a +0 whip.
The orc priest shouts!
The orc shouts! x2
The orc attacks as it pursues you! The orc barely misses you.
There is an open door here.
You hit the orc.
The orc is poisoned.
Your grab misses the orc. You puncture the orc!
You kill the orc!
You closely miss the orc. You grab the orc. You constrict the orc.
The orc closely misses you.
You hit the orc.
The orc is poisoned.
You constrict the orc, but do no damage.
The orc struggles to escape constriction.
You hit the orc.
You kill the orc!
The orc priest calls down the wrath of Beogh upon you.
Beogh smites you!
The orc priest shouts, "Surrender to Beogh and we'll let you live!" (press Y on the ability menu to convert to Beogh) HP[-17]
You take 17 damage, and now have 28/45 hp.
MASSIVE DAMAGE!! (PAUSE)
The orc priest hits you with a +0 club.
There is an open door, spattered with blood here.
Things that are here:
a +0 whip {mace}; a +0 leather armour; an orc corpse HP[-2]
You take 2 damage, and now have 26/45 hp.
You hit the orc priest. You grab the orc priest. You constrict the orc priest.
The orc priest hits you with a +0 club.
You puncture the orc priest!
You kill the orc priest!
Things that are here:
a +0 club {mace}; an orc corpse You start resting.
HP[+19]
Your hp is fully restored (45).
You hear a distant slurping noise.
You open the door.
There is an open door here.
You open the door.
There is an open door here.
You now have 129 gold pieces (gained 13).
You now have 137 gold pieces (gained 8).
You open the door.
There is an open door here.
Grinder comes into view.
There is an open door here.
You close the door.
You open the door.
You hear a distant slurping noise.
There is an open door here.
You see here a +0 club {mace}.
You hear a distant slurping noise.
You open the door.
There is an open door here.
You open the door.
There is an open door here.
A jelly comes into view.
The jelly quivers.
The jelly closely misses you.
You hit the jelly.
Your tentacles burn!
The jelly barely misses you.
HP[-2]
You take 2 damage, and now have 43/45 hp.
You hit the jelly. The acid corrodes you!
Your tentacles burn!
The jelly misses you.
HP[-1]
You take 1 damage, and now have 42/45 hp.
You hit the jelly.
Your tentacles burn!
You squeeze the jelly. The jelly hits you. The acid corrodes you!
You are splashed with acid!
HP[-12]
You take 12 damage, and now have 30/45 hp.
MASSIVE DAMAGE!! (PAUSE)
You hit the jelly.
Your tentacles burn!
You squeeze the jelly, but do no damage.
The jelly closely misses you.
HP[-1]
You take 1 damage, and now have 29/45 hp.
You barely miss the jelly. The jelly hits you. The acid corrodes you!
You are splashed with acid!
* * * LOW HITPOINT WARNING * * *
HP[-12]
You take 12 damage, and now have 17/45 hp.
MASSIVE DAMAGE!! (PAUSE)
You hit the jelly.
Your tentacles burn!
* * * LOW HITPOINT WARNING * * *
The jelly closely misses you.
HP[-2]
You take 2 damage, and now have 15/45 hp.
Unknown command.
You hit the jelly.
Your tentacles burn!
* * * LOW HITPOINT WARNING * * *
The jelly hits you.
* * * LOW HITPOINT WARNING * * *
The acid corrodes you!
You are splashed with acid!
You die...

Skill      XL: |  1  2  3  4  5 |
---------------+----------------+-----
Fighting       | 2 3 4 5 |  5.0
Shapeshifting  | 4 |  4.8
Dodging        | |  2.0
Unarmed Combat | |  3.0

Action                     |  1- 3 |  4- 6 || total
---------------------------+-------+-------++-------
  Melee: Unarmed           |    31 |    36 ||    67
         Constrict         |     8 |    19 ||    27
         Tentacles         |     7 |    11 ||    18
         Punch             |     2 |       ||     2
         Dagger            |       |    38 ||    38
    Use: Potion            |       |     1 ||     1
   Stab: Sleeping          |     3 |       ||     3
         Distracted        |       |     1 ||     1
 Armour: Skin              |     8 |    31 ||    39
  Dodge: Dodged            |    23 |    37 ||    60

Levels and vault maps discovered:
D:1:      kennysheep_arrival_forest, layout_rooms, basic_ecumenical_altar,
          minmay_shallow_snake_nest
D:2:      layout_loops_ring, grunt_ministairs_1, uniq_jessica, uniq_sigmund,
          uniq_robin
D:3:      layout_basic, uniq_crazy_yiuf_cottage, uniq_natasha
D:5:      layout_gridville, uniq_grinder

Notes
Turn   | Place    | Note
-------+----------+-------------------------------------------
     0 | D:1      | zeratav the Octopode Shapeshifter began the quest for the
                  | Orb.
     0 | D:1      | Reached XP level 1. HP: 13/13 MP: 1/1
     0 | D:1      | magus.rc [v1.9.6]
    11 | D:1      | Found a faded altar of an unknown god.
    83 | D:1      | Reached skill level 2 in Fighting
    83 | D:1      | Reached XP level 2. HP: 19/19 MP: 2/2
   318 | D:1      | Reached XP level 3. HP: 25/25 MP: 3/3
   337 | D:1      | Reached skill level 3 in Fighting
   699 | D:2      | Noticed Jessica
   703 | D:2      | Killed Jessica
   704 | D:2      | Reached XP level 4. HP: 33/33 MP: 4/4
   767 | D:2      | Noticed Robin
   787 | D:2      | Reached skill level 4 in Fighting
   949 | D:2      | Reached XP level 5. HP: 15/38 MP: 5/5
   985 | D:2      | Killed Robin
  1149 | D:2      | HP: 8/38 [hobgoblin/+0 hand axe of flaming[Robin] (4)]
  1551 | D:2      | Reached skill level 5 in Fighting
  1580 | D:2      | Noticed Sigmund
  1597 | D:2      | Killed Sigmund
  1598 | D:2      | Reached skill level 4 in Shapeshifting
  1598 | D:2      | Reached XP level 6. HP: 45/45 MP: 6/6
  1855 | D:3      | You fall into a shaft and drop 2 floors!
  1855 | D:5      | Entered Level 5 of the Dungeon
  1993 | D:5      | Noticed Grinder
  2042 | D:5      | HP: 11/45 [acid (4)]
  2042 | D:5      | Splashed by a jelly's acid

Vanquished Creatures
  Sigmund (D:2)
  An orc priest (D:5)
  Jessica (D:2)
  Robin (D:2)
  3 gnolls (D:2)
  2 dart slugs
  2 orcs (D:5)
  2 endoplasms (D:1)
  A giant cockroach (D:2)
  16 goblins
  4 hobgoblins
  3 kobolds
  6 ball pythons
  4 bats
  2 frilled lizards
  3 rats (D:1)
52 creatures vanquished.

Table legend:
 A = Non-vault XP
 B = Vault XP
 C = Vault XP percentage of total XP
 D = Non-vault monster count
 E = Vault monster count
 F = Vault count percentage of total count
                 A         B        C        D         E       F
            +---------+---------+-------+---------+---------+-------
      Total |     172 |     311 |  64.4 |      34 |      18 |  34.6
            +---------+---------+-------+---------+---------+-------
        D:1 |      55 |       2 |   3.5 |      20 |       1 |   4.8
        D:2 |      68 |     309 |  82.0 |      11 |      17 |  60.7
        D:5 |      49 |       0 |   0.0 |       3 |       0 |   0.0
            +---------+---------+-------+---------+---------+-------

Skill      XL: |  1  2  3  4  5 |
---------------+----------------+-----
Fighting       | 2 3 4 5 |  5.0
Shapeshifting  | 4 |  4.8
Dodging        | |  2.0
Unarmed Combat | |  3.0

Action                     |  1- 3 |  4- 6 || total
---------------------------+-------+-------++-------
  Melee: Unarmed           |    31 |    36 ||    67
         Constrict         |     8 |    19 ||    27
         Tentacles         |     7 |    11 ||    18
         Punch             |     2 |       ||     2
         Dagger            |       |    38 ||    38
    Use: Potion            |       |     1 ||     1
   Stab: Sleeping          |     3 |       ||     3
         Distracted        |       |     1 ||     1
 Armour: Skin              |     8 |    31 ||    39
  Dodge: Dodged            |    23 |    37 ||    60

Illustrated notes

Table legend:
 A = Kills in this place as a percentage of kills in the entire game.
 B = Kills by you in this place as a percentage of kills by you in the entire game.
 C = Kills by friends in this place as a percentage of kills by friends in the entire game.
 D = Other kills in this place as a percentage of other kills in the entire game.
 E = Experience gained in this place as a percentage of experience gained in the entire game.
 F = Experience gained in this place divided by the number of levels of this place that you have seen.
                   A       B       C       D       E      F
               +-------+-------+-------+-------+-------+----------------------
         Total | 100.0 | 100.0 |   N/A |   N/A | 100.0 | 120.8
       Dungeon | 100.0 | 100.0 |   N/A |   N/A | 100.0 | 120.8
               +-------+-------+-------+-------+-------+----------------------

Table legend: (Time is in decaauts)
 A = Elapsed time spent in this place.
 B = Non-inter-level travel time spent in this place.
 C = Inter-level travel time spent in this place.
 D = Time resting spent in this place.
 E = Time spent auto-exploring this place.
 F = Levels seen in this place.
 G = Mean time per level.
                   A        B        C        D        E       F      G
               +--------+--------+--------+--------+--------+-----+--------+
         Total |   2040 |   2003 |     37 |    390 |   1175 |   4 |  510.0 |
       Dungeon |   2040 |   2003 |     37 |    390 |   1175 |   4 |  510.0 |
               +--------+--------+--------+--------+--------+-----+--------+

Top non-repeatable levels by time:
     D:2: 972 daAuts
     D:1: 874 daAuts
     D:5: 186 daAuts
     D:3: 6 daAuts
